 Dungeon Crawl Stone Soup version 0.29-a0-321-gf1c400731a (webtiles) character file.

Game seed: 4977435059640137866

114 cojito the Insei (level 4, -2/28 HPs)
             Began as an Octopode Transmuter on Apr 4, 2022.
             Slain by Terence
             ... wielding a +0 mace
              (12 damage)
             ... on level 3 of the Dungeon.
             The game lasted 00:06:24 (2870 turns).

cojito the Insei (Octopode Transmuter)              Turns: 2870, Time: 00:06:26

Health: -2/28      AC:  1    Str:  9    XL:     4   Next: 97%
Magic:  7/8        EV: 13    Int: 15    God:
Gold:   106        SH:  0    Dex: 14    Spells: 4/8 levels left

rFire   . . .      SeeInvis .     - Unarmed
rCold   . . .      Faith    .   (no shield)
rNeg    . . .      Spirit   .   (helmet currently unavailable)
rPois   .          Reflect  .   (no amulet)
rElec   .          Harm     .   g - ring of resist corrosion
rCorr   +          Rampage  .   (no ring)
Will    .....                   (no ring)
Stlth   +++.......              (no ring)
HPRegen 0.09/turn               (no ring)
MPRegen 0.11/turn               (no ring)
                                (no ring)
                                (no ring)

@: appendages
A: tentacle spike 3, almost no armour, amphibious, 8 rings, camouflage 1,
gelatinous body 1, (nimble swimmer 1), tentacles
a: End Transformation


You were on level 3 of the Dungeon.
One of your tentacles had grown a beastly spike.
You visited 1 branch of the dungeon, and saw 4 of its levels.

You collected 106 gold pieces.

Inventory:

Hand Weapons
 c - a +0 dagger of flaming
Armour
 d - a +0 hat (melded)
Jewellery
 g - a ring of resist corrosion (left tentacle)
Scrolls
 e - 2 scrolls of noise {unknown}
 f - 2 scrolls of summoning {unknown}
 i - a scroll of vulnerability {unknown}
 j - a scroll of teleportation {unknown}
Potions
 a - a potion of lignification
 b - a potion of heal wounds {unknown}
 h - a potion of mutation
 k - a potion of attraction
 l - a potion of curing


   Skills:
 + Level 1.4 Fighting
 + Level 2.5 Dodging
 - Level 2.1 Stealth
 + Level 3.9 Unarmed Combat
 + Level 2.6 Spellcasting
 + Level 2.6 Transmutations
 - Level 0.2 Poison Magic


You had 4 spell levels left.
You knew the following spells:

 Your Spells              Type           Power      Damage    Failure   Level
a - Beastly Appendage     Tmut           18%        N/A       7%          1
b - Spider Form           Tmut/Pois      6%         N/A       34%         3

Your spell library contained the following spells:

 Spells                   Type           Power      Damage    Failure   Level
 Wereblood                Tmut           9%         N/A       11%         2
 Foxfire                  Conj/Fire      4%         2x1d4     22%         1
 Conjure Flame            Conj/Fire      1%         6-21      54%         3
 Inner Flame              Hex/Fire       1%         N/A       54%         3
 Ice Form                 Ice/Tmut       5%         N/A       77%         4
 Flame Wave               Conj/Fire      1%         2d4       91%         4


Dungeon Overview and Level Annotations

Branches:
Dungeon (4/15)
 Temple: D:4-7

Altars:

Annotations:
D:3 Terence
D:4 1 transporter, Foxy's ghost, amateur GnTm


Innate Abilities, Weirdness & Mutations

One of your tentacles has grown a beastly spike.
You cannot wear most types of armour.
You are amphibious.
You can wear up to eight rings at the same time.
Your skin changes colour to match your surroundings (Stealth+).
Your rubbery body absorbs attacks. (AC +1, EV +1)
((You are camouflaged when in or above water. (Stealth+)))
You have tentacles for arms and can constrict up to eight enemies at once.


Message History

Unknown command.
Okay, then.
You aren't carrying any items that you can evoke.
Unknown command.
Okay, then.
Unknown command.
Unknown command.
Unknown command.
Press: ? - help, v - describe, . - travel
Here: Terence, wielding a +0 mace and wearing a +0 scale mail (asleep)
The floor.
Unknown command.
Casting: Beastly Appendage (safe; 7% risk of failure)
Confirm with . or Enter, or press ? or * to list all spells.
One of your tentacles grows a vicious spike.
Your +0 hat melds into your body.
The helpless Terence fails to defend himself.
You tentacle-slap Terence. You grab Terence.
Terence is moderately wounded.
You constrict Terence, but do no damage.
Terence hits you with a +0 mace!
You tentacle-slap Terence.
You pierce Terence, but do no damage.
Terence is heavily wounded.
You constrict Terence. Terence hits you with a +0 mace.
You are too injured to fight recklessly!
Okay, then.
Unknown command.
Unknown command.
Unknown command.
You tentacle-slap Terence but do no damage.
You squeeze Terence.
Terence is severely wounded.
You constrict Terence, but do no damage.
Terence hits you with a +0 mace.
You tentacle-slap Terence but do no damage.
You pierce Terence, but do no damage.
You squeeze Terence.
Terence is almost dead.
You constrict Terence, but do no damage.
Terence hits you with a +0 mace!
You die...

#.# #.#
#.# #.#
#.# #.#
#.#
#.#####
#...@.#
#..##@#
#.....#
##.#..#
#.#..#
#># ##
#.. ###


You could see Terence.

Vanquished Creatures
  Natasha (twice) (D:3)
  An adder (D:3)
  2 worms (D:2)
  3 dart slugs
  An orc (D:3)
  2 ball pythons
  3 bats
  3 endoplasms
  3 giant cockroaches
  3 goblins
  5 hobgoblins
  4 quokkas
  3 frilled lizards
  3 kobolds
  3 rats
41 creatures vanquished.

Notes
Turn   | Place    | Note
-------+----------+-------------------------------------------
     0 | D:1      | cojito the Octopode Transmuter began the quest for the Orb.
     0 | D:1      | Reached XP level 1. HP: 13/13 MP: 3/3
   234 | D:1      | Reached XP level 2. HP: 18/18 MP: 5/5
   636 | D:1      | Found a faded altar of an unknown god.
  1034 | D:2      | Reached skill level 1 in Stealth
  1065 | D:2      | Reached XP level 3. HP: 16/23 MP: 4/6
  2286 | D:3      | Learned a level 3 spell: Spider Form
  2343 | D:3      | Reached XP level 4. HP: 26/28 MP: 5/7
  2381 | D:3      | You fall into a shaft and drop 1 floor!
  2431 | D:4      | Found a transporter.
  2434 | D:4      | Noticed Foxy's ghost (amateur GnTm)
  2439 | D:4      | Noticed a scorpion
  2462 | D:3      | Noticed Natasha
  2466 | D:3      | Killed Natasha
  2792 | D:3      | Noticed Natasha
  2807 | D:3      | Killed Natasha
  2855 | D:3      | Noticed Terence
  2870 | D:3      | Slain by Terence

Illustrated notes

Levels and vault maps discovered:
D:1:      ncdulo_wetmaze, layout_rooms, shapermc_ecumenical_altar_ellora,
          minmay_hedge_maze
D:2:      layout_basic
D:3:      layout_basic, minmay_misc_feat_chi, uniq_terence, uniq_natasha,
          uniq_sigmund
D:4:      layout_gridville, kennysheep_mini, gammafunk_ghost_mausoleum

Skill      XL: |  1  2  3 |
---------------+----------+-----
Stealth        | 1 2 |  2.1
Fighting       | |  1.4
Dodging        | |  2.5
Unarmed Combat | |  3.9
Spellcasting   | |  2.6
Transmutations | |  2.6
Poison Magic   | |  0.2

Action                   |  1- 3 |  4- 6 || total
-------------------------+-------+-------++-------
Melee: Unarmed           |    89 |    14 ||   103
       Constrict         |    22 |     4 ||    26
       Tentacles         |    18 |     4 ||    22
       Kick              |    11 |     5 ||    16
       Punch             |     2 |       ||     2
 Cast: Beastly Appendage |    12 |     3 ||    15
 Abil: End Transformatio |     9 |     2 ||    11
  Use: Scroll            |     3 |       ||     3
 Stab: Sleeping          |     8 |     2 ||    10
Armor: Skin              |     9 |       ||     9
Dodge: Dodged            |    40 |     5 ||    45

Table legend: (Time is in decaauts)
 A = Elapsed time spent in this place.
 B = Non-inter-level travel time spent in this place.
 C = Inter-level travel time spent in this place.
 D = Time resting spent in this place.
 E = Time spent auto-exploring this place.
 F = Levels seen in this place.
 G = Mean time per level.
                   A        B        C        D        E       F      G
               +--------+--------+--------+--------+--------+-----+--------+
         Total |   2864 |   2806 |     58 |    486 |   1843 |   4 |  716.0 |
       Dungeon |   2864 |   2806 |     58 |    486 |   1843 |   4 |  716.0 |
               +--------+--------+--------+--------+--------+-----+--------+

Top non-repeatable levels by time:
     D:2: 1079 daAuts
     D:1: 938 daAuts
     D:3: 766 daAuts
     D:4: 80 daAuts
